 Dungeon Crawl Stone Soup version 0.27-a0-931-g5a74e75d8f (webtiles) character file.

Game seed: 9197326981189191551

86 Alarkh the Ruffian (level 4, 0/34 HPs)
             Began as a Demonspawn Gladiator on Apr 10, 2021.
             Slain by a sky beast (1 damage)
             ... on level 3 of the Dungeon.
             The game lasted 00:03:13 (2374 turns).

Alarkh the Ruffian (Demonspawn Gladiator)           Turns: 2374, Time: 00:03:13

Health: 0/34       AC:  4    Str: 15    XL:     4   Next: 27%
Magic:  4/4        EV: 12    Int: 10    God:
Gold:   103        SH:  0    Dex: 14    Spells: 3/3 levels left

rFire    . . .     SeeInvis .     - Unarmed
rCold    . . .     Faith    .   (no shield)
rNeg     . . .     Spirit   .   a - +0 leather armour
rPois    .         Reflect  .   b - +0 helmet
rElec    .         Harm     .   (no cloak)
rCorr    .         Rampage  .   (no gloves)
Will     .....                  (no boots)
Stlth    +.........             (no amulet)
HPRegen  0.11/turn              (no ring)
MPRegen  0.09/turn              (no ring)

@: no status effects
A: spiny 2
a: no special abilities


You were on level 3 of the Dungeon.
You visited 1 branch of the dungeon, and saw 4 of its levels.

You collected 103 gold pieces.

Inventory:

Missiles
 c - 3 throwing nets (quivered)
 n - 7 poisoned darts
Armour
 a - a +0 leather armour (worn)
 b - a +0 helmet (worn)
Scrolls
 d - a scroll of teleportation
 e - a scroll of vulnerability {unknown}
 g - 2 scrolls of enchant armour {unknown}
 r - a scroll of identify
Potions
 f - 2 potions of haste {unknown}
 h - a potion of flight {unknown}
 i - a potion of invisibility {unknown}
 j - a potion of might {unknown}
 k - a potion of heal wounds {unknown}
 l - a potion of curing
 m - a potion of berserk rage {unknown}


   Skills:
 + Level 2.9 Fighting
 + Level 2.3 Throwing
 - Level 2.6 Dodging
 * Level 3.9 Unarmed Combat


You had 3 spell levels left.
You didn't know any spells.
Your spell library was empty.

Dungeon Overview and Level Annotations

Branches:
Dungeon (4/15)
 Temple: D:4-7

Altars:


Innate Abilities, Weirdness & Mutations

You are mostly covered in sharp spines.


Message History

The sky beast shocks you.
* * * LOW HITPOINT WARNING * * *
Okay, then.
The sky beast flickers out of sight!
Deactivating autopickup; reactivate with Ctrl-A.
A sky beast appears from thin air!
Reactivating autopickup.
The sky beast flickers out of sight!
Deactivating autopickup; reactivate with Ctrl-A.
A sky beast appears from thin air!
Reactivating autopickup.
The sky beast flickers out of sight!
Deactivating autopickup; reactivate with Ctrl-A.
A sky beast appears from thin air!
Reactivating autopickup.
You see here 16 stones.
There is a stone staircase leading up here.
The sky beast flickers out of sight!
Deactivating autopickup; reactivate with Ctrl-A.
A sky beast appears from thin air!
Reactivating autopickup.
The sky beast flickers out of sight!
Deactivating autopickup; reactivate with Ctrl-A.
A sky beast appears from thin air!
Reactivating autopickup.
The sky beast flickers out of sight!
Deactivating autopickup; reactivate with Ctrl-A.
You see here 16 stones.
A sky beast appears from thin air!
Reactivating autopickup.
There is a stone staircase leading up here.
The sky beast flickers out of sight!
Deactivating autopickup; reactivate with Ctrl-A.
Something hits you but does no damage. Something hits you.
* * * LOW HITPOINT WARNING * * *
Something shocks you.
* * * LOW HITPOINT WARNING * * *
Something hits you.
You die...

########## ##...##...##
##..........##
#............#
#............######
#####.......@.....≈...##
###
#.<......)......#####..#
..# #........<##...##
##.# ..# #.......(#######
##.## ..# #........#
##...# ..#
#........###########≈.###
..#
###..#...............##
..# #..###.#.....#######
..# ##..###...###..#


There were no monsters in sight!

Vanquished Creatures
  2 adders (D:2)
  2 worms (D:2)
  4 ball pythons
  5 endoplasms
  3 giant cockroaches
  10 goblins
  3 hobgoblins
  5 jackals
  A quokka (D:1)
  9 bats
  2 frilled lizards
  9 kobolds
  4 rats
59 creatures vanquished.

Notes
Turn   | Place    | Note
-------+----------+-------------------------------------------
     0 | D:1      | Alarkh the Demonspawn Gladiator began the quest for the
                  | Orb.
     0 | D:1      | Reached XP level 1. HP: 16/16 MP: 1/1
   313 | D:1      | Reached skill level 3 in Unarmed Combat
   385 | D:1      | Gained mutation: You are partially covered in sharp spines.
                  | [demonic ancestry]
   385 | D:1      | Reached XP level 2. HP: 19/22 MP: 2/2
   764 | D:1      | Found a faded altar of an unknown god.
   965 | D:2      | Gained mutation: You are mostly covered in sharp spines.
                  | [demonic ancestry]
   965 | D:2      | Reached XP level 3. HP: 25/28 MP: 3/3
  1486 | D:2      | Reached XP level 4. HP: 34/34 MP: 4/4
  2274 | D:4      | Noticed a sky beast
  2289 | D:3      | HP: 1/34 [sky beast (6)]
  2372 | D:3      | HP: 1/34 [something (6)]
  2374 | D:3      | Slain by a sky beast

Illustrated notes

Levels and vault maps discovered:
D:1:      ncdulo_smallfort, layout_loops_ring,
          shapermc_ecumenical_altar_notcrosses
D:2:      layout_rooms, st_stairs_10, grunt_ministairs_5
D:3:      layout_rooms, minmay_stone_trees_small
D:4:      layout_loops_ring, minmay_rat_hole

Skill      XL: |  1  2 |
---------------+-------+-----
Unarmed Combat | 3 |  3.9
Throwing       | 2 |  2.3
Fighting       | |  2.9
Dodging        | |  2.6

Action                   |  1- 3 |  4- 6 || total
-------------------------+-------+-------++-------
Melee: Unarmed           |   102 |    43 ||   145
       Punch             |     1 |     3 ||     4
  Use: Scroll            |       |     2 ||     2
 Stab: Sleeping          |     1 |       ||     1
Armor: Leather armour    |    23 |     8 ||    31
Dodge: Dodged            |    54 |    22 ||    76

Table legend: (Time is in decaauts)
 A = Elapsed time spent in this place.
 B = Non-inter-level travel time spent in this place.
 C = Inter-level travel time spent in this place.
 D = Time resting spent in this place.
 E = Time spent auto-exploring this place.
 F = Levels seen in this place.
 G = Mean time per level.
                   A        B        C        D        E       F      G
               +--------+--------+--------+--------+--------+-----+--------+
         Total |   2364 |   2295 |     69 |    156 |   1754 |   4 |  591.0 |
       Dungeon |   2364 |   2295 |     69 |    156 |   1754 |   4 |  591.0 |
               +--------+--------+--------+--------+--------+-----+--------+

Top non-repeatable levels by time:
     D:1: 955 daAuts
     D:2: 776 daAuts
     D:3: 627 daAuts
     D:4: 5 daAuts
